 Dungeon Sprint DCSS version 0.31-a0-986-g5e6e4ef867 (webtiles) character file.

Game seed: 2539906930623207857

48 BigDaddyOpFi the Octopoid Disaster (level 7, -16/54 HPs)
             Began as an Octopode Fighter on Nov 14, 2023.
             Was a Believer of Qazlal.
             Demolished by a two-headed ogre
             ... wielding a +0 giant spiked club
              (39 damage)
             ... in the Dungeon (Sprint VI: "Thunderdome").
             The game lasted 00:02:46 (413 turns).

BigDaddyOpFi the Octopoid Disaster (OpFi)            Turns: 413, Time: 00:02:47

Health: -16/54     AC:  1    Str: 19    XL:     7   Next: 4%
Magic:  12/12      EV: 22    Int: 21    God:    Qazlal [**....]
Gold:   10         SH: 14    Dex: 18    Spells: 6/6 levels left

rFire   x . .        a - +0 war axe
rCold   + + .        b - +0 buckler
rNeg    + . .        (helmet restricted)
rPois   +            o - amulet "Seroilam" {Reflect Contam rPois Int+2 SH+5}
rElec   .            n - ring of Ciemadod {Ice Str+5 Dex-5}
rCorr   .            p - ring "Hukhiedd" {*Corrode Int+6 Dex+7}
SInv    +            q - ring of Traps {EV+5 Int+3}
Will    .....        t - ring "Ebbop" {rC+ rN+ Str-4 Dex+5 SInv}
Stlth   ++           u - ring "Wipuit" {rPois SInv}
HPRegen 0.29/turn    (no ring)
MPRegen 0.13/turn    (no ring)
                     (no ring)

%: no teleportation, corrode self (3%), reflection
@: no status effects
A: almost no armour, amphibious, 8 rings, camouflage 1, gelatinous body 1,
(nimble swimmer 1), tentacles
a: Renounce Religion, Upheaval


You were in the Dungeon.
You worshipped Qazlal.
Qazlal was pleased with you.
You visited 1 branch You collected 280 gold pieces.
You spent 270 gold pieces at shops.

Inventory:

Hand Weapons
 a - a +0 war axe (weapon)
Armour
 b - a +0 buckler (worn)
Jewellery
 n - the ring of Ciemadod (left tentacle) {Ice Str+5 Dex-5}
   (You bought it in a shop in the Dungeon)

   [ring of ice]

   Ice:       It enhances your ice magic.
   Str+5:     It affects your strength (+5).
   Dex-5:     It affects your dexterity (-5).
   rF-:       It makes you vulnerable to fire.
   rC+:       It protects you from cold.
 o - the amulet "Seroilam" (around mantle) {Reflect Contam rPois Int+2 SH+5}
   (You bought it in a shop in the Dungeon)

   [amulet of reflection]

   Reflect:   It reflects blocked missile attacks.
   Int+2:     It affects your intelligence (+2).
   rPois:     It protects you from poison Contam: It causes magical
   contamination when unequipped.
   SH+5:      It affects your SH (+5).
 p - the ring "Hukhiedd" (right tentacle) {*Corrode Int+6 Dex+7}
   (You bought it in a shop in the Dungeon)

   [ring of intelligence]

   Int+6:     It affects your intelligence (+6).
   Dex+7:     It affects your dexterity (+7).
   *Corrode:  It may corrode you when you take damage.
 q - the ring of Traps (on tentacle) {EV+5 Int+3}
   (You bought it in a shop in the Dungeon)

   [ring of evasion]

   EV+5:      It affects your evasion (+5).
   Int+3:     It affects your intelligence (+3).
 t - the ring "Ebbop" (on tentacle) {rC+ rN+ Str-4 Dex+5 SInv}
   (You bought it in a shop in the Dungeon)

   [ring of positive energy]

   Str-4:     It affects your strength (-4).
   Dex+5:     It affects your dexterity (+5).
   rC+:       It protects you from cold.
   rN+:       It protects you from negative energy.
   SInv:      It lets you see invisible.
 u - the ring "Wipuit" (on tentacle) {rPois SInv}
   (You bought it in a shop in the Dungeon)

   [ring of poison resistance]

   rPois:     It protects you from poison SInv: It lets you see invisible.
Wands
 l - a wand of roots (3) (quivered)
 r - a wand of polymorph (8)
 s - a wand of flame (10)
Scrolls
 i - 4 scrolls of blinking
 m - 3 scrolls of fog
Potions
 c - a potion of might
 d - a potion of curing
 e - 3 potions of heal wounds
 f - 4 potions of haste
 g - 2 potions of magic
 h - a potion of berserk rage
 j - a potion of resistance


   Skills:
 + Level 7.1 Fighting
 + Level 6.7 Axes
 + Level 7.0 Dodging
 + Level 7.0 Shields
 * Level 7.6 Invocations


You had 6 spell levels left.
You didn't know any spells.
Your spell library was empty.

Dungeon Overview and Level Annotations

Branches:
Dungeon (1/1)

Altars:
Cheibriados
Dithmenos
Fedhas
Gozag
Kikubaaqudgha
Makhleb
Okawaru
Qazlal
Ru
Sif Muna
Trog
Uskayaw
Vehumet
Wu Jian
Xom
Yredelemnul
Zin
The Shining One
Lugonu

Shops:
D *[=??*?*:[((!!!!

Annotations:
D Erolcha


Innate Abilities, Weirdness & Mutations

You cannot wear most types of armour.
You are amphibious.
You can wear up to eight rings at the same time.
Your skin changes colour to match your surroundings (Stealth+).
Your rubbery body absorbs attacks. (AC +1, EV +1)
((You are camouflaged when in or above water. (Stealth+)))
You have tentacles for arms and can constrict up to eight enemies at once.


Message History

You hit Erolcha. You block the two-headed ogre's attack.
The two-headed ogre misses you. Erolcha hits you with a +0 giant club!
The two-headed ogre is no longer blind.
Aiming: Fastroot
Press: ? - help, Q - select action, (/) - cycle Shift-Dir - straight line, p - two-headed ogre The roots erupt in riotous growth!
Roots grab Erolcha.
Roots grab the two-headed ogre.
The grasping roots constrict the two-headed ogre.
The grasping roots constrict Erolcha.
An ogre comes into view. It is wielding a +0 giant club.
The ogre shouts!
An ogre comes into view. It is wielding a +0 giant club.
The ogre shouts!
The two-headed ogre struggles to escape constriction.
Erolcha gestures wildly while chanting.
Erolcha flickers and vanishes for a moment.
Aiming: Fastroot
Press: ? - help, Q - select action, (/) - cycle Shift-Dir - straight line The roots erupt in riotous growth!
Erolcha is unaffected.
The two-headed ogre is unaffected.
The grasping roots constrict the two-headed ogre.
The grasping roots constrict Erolcha.
The roots release their grip on the two-headed ogre.
The roots release their grip on Erolcha.
You barely miss the two-headed ogre.
The two-headed ogre is severely wounded.
You hit Erolcha but do no damage. The two-headed ogre barely misses you.
You block the two-headed ogre's attack. Erolcha closely misses you.
Aiming: Fastroot
Press: ? - help, Q - select action, (/) - cycle Shift-Dir - straight line, f - two-headed ogre
Aim: a two-headed ogre, wielding a +0 giant spiked club and a +0 giant club (severely wounded)
Okay, then.
You barely miss the two-headed ogre.
Your squeeze misses the two-headed ogre.
The two-headed ogre is severely wounded.
You hit Erolcha.
The two-headed ogre hits you with a +0 giant spiked club!!!
Ouch! That really hurt!
You die...

#_........# #_......._#
###.........### #⌠...........§#
######.8.........8.######
##∩___......###[.....___∩##
###∩........8.# #.8........∩###
##.............###.............##
#⌠..........###.@.###..........⌠#
#⌠..........# #OO.# #..........⌠#
#⌠..........###..)###..........⌠#
##............)###[............#
###∩........8.# #.8[.......∩###
##∩.__......###..)....__∩##
######.8....[....8.######
#§...........⌠# ###.........###


You could see a two-headed ogre and Erolcha (invisible).

Vanquished Creatures
  Eustachio (D)
  2 ogres (D)
  Blork the orc (D)
  2 iron imps (D)
  A shadow imp (D)
  A white imp (D)
  4 orcs (D)
12 creatures vanquished.

Notes
Turn   | Place    | Note
-------+----------+-------------------------------------------
     0 | D        | BigDaddyOpFi the Octopode Fighter began the quest for the
                  | Orb.
     0 | D        | Reached XP level 1. HP: 16/16 MP: 1/1
     1 | D        | Found a shimmering blue altar of Sif Muna.
     1 | D        | Found a shadowy altar of Dithmenos.
     3 | D        | Found a hide-covered altar of Uskayaw.
     3 | D        | Found a radiant altar of Vehumet.
     4 | D        | Found an opulent altar of Gozag.
     4 | D        | Found a bloodstained altar of Trog.
     5 | D        | Found a shimmering altar of Xom.
     5 | D        | Round 1.
     6 | D        | Found Huwukiann's Timeless Talismans.
     6 | D        | Found an iron altar of Okawaru.
     6 | D        | Found a glowing golden altar of the Shining One.
     6 | D        | Found Ezeh's Identification Station.
     7 | D        | Found Hymiqela's Jewellery.
     7 | D        | Found Suymyuss's Advanced Armour.
     8 | D        | Found a burning altar of Makhleb.
    15 | D        | Bought a bound glass ring for 45 gold pieces
    15 | D        | Identified the ring of Ciemadod {Ice Str+5 Dex-5} (You
                  | bought it in a shop in the Dungeon)
    15 | D        | Bought a crude brass amulet for 45 gold pieces
    15 | D        | Identified the amulet "Seroilam" {Reflect Contam rPois
                  | Int+2 SH+5} (You bought it in a shop in the Dungeon)
    15 | D        | Bought a bound steel ring for 45 gold pieces
    15 | D        | Identified the ring "Hukhiedd" {*Corrode Int+6 Dex+7} (You
                  | bought it in a shop in the Dungeon)
    15 | D        | Bought a crude lead ring for 45 gold pieces
    15 | D        | Identified the ring of Traps {EV+5 Int+3} (You bought it in
                  | a shop in the Dungeon)
    35 | D        | Found a corrupted altar of Lugonu.
    37 | D        | Found a snail-covered altar of Cheibriados.
    37 | D        | Found Yloich's Premium Goods.
    39 | D        | Found an ornate altar of the Wu Jian Council.
    39 | D        | Found a sacrificial altar of Ru.
    39 | D        | Found a blossoming altar of Fedhas.
    39 | D        | Found Ruorol's Weapon Rack.
    41 | D        | Found Detohov's Miscellaneous Merchandise.
    41 | D        | Found Wibbov's Basic Armour.
    45 | D        | Found an ancient bone altar of Kikubaaqudgha.
    46 | D        | Found a stormy altar of Qazlal.
    73 | D        | Found a glowing silver altar of Zin.
    83 | D        | Noticed Blork the orc
    90 | D        | Found a basalt altar of Yredelemnul.
    98 | D        | Killed Blork the orc
    99 | D        | Reached XP level 2. HP: 23/23 MP: 2/2
    99 | D        | Reached XP level 3. HP: 28/28 MP: 3/3
    99 | D        | Reached XP level 4. HP: 34/34 MP: 4/4
    99 | D        | Found Meomi's Staff Store.
    99 | D        | Found Wedam's Magic Scroll Shop.
   101 | D        | Found Hetuax's Must-Have Magic.
   101 | D        | Found Ostruuff's Magic Scroll Shop.
   160 | D        | Arena points: 12 (+12) [x2]
   161 | D        | Reached skill level 5 in Fighting
   161 | D        | Reached skill level 5 in Dodging
   161 | D        | Reached skill level 5 in Shields
   162 | D        | Found Puegh's Do-It-Yourself Clinic.
   162 | D        | Found Icostrom's Distillery.
   163 | D        | Found Pinexofo's Bottled Wisdom.
   163 | D        | Found Loatus's Distillery.
   197 | D        | Became a worshipper of Qazlal Stormbringer
   200 | D        | Round 2.
   204 | D        | Noticed Eustachio
   220 | D        | Killed Eustachio
   221 | D        | Reached skill level 5 in Axes
   221 | D        | Reached skill level 5 in Invocations
   221 | D        | Reached XP level 5. HP: 41/41 MP: 4/9
   221 | D        | Reached XP level 6. HP: 46/46 MP: 4/10
   224 | D        | Reached * piety under Qazlal
   242 | D        | Reached ** piety under Qazlal
   242 | D        | Arena points: 48 (+36) [x3]
   259 | D        | Bought a fine brass ring for 45 gold pieces
   259 | D        | Identified the ring "Ebbop" {rC+ rN+ Str-4 Dex+5 SInv} (You
                  | bought it in a shop in the Dungeon)
   259 | D        | Bought a faintly glowing lead ring for 45 gold pieces
   259 | D        | Identified the ring "Wipuit" {rPois SInv} (You bought it in
                  | a shop in the Dungeon)
   291 | D        | Round 3.
   349 | D        | Reached XP level 7. HP: 40/54 MP: 12/12
   398 | D        | Noticed a two-headed ogre
   400 | D        | Noticed Erolcha
   413 | D        | Demolished by a two-headed ogre

Illustrated notes

Levels and vault maps discovered:
D:        arena_sprint

Skill      XL: |  1  2  3  4  5  6 |
---------------+-------------------+-----
Fighting       | 4 6 7 |  7.1
Axes           | 4 5 6 |  6.7
Dodging        | 4 6 7 |  7.0
Shields        | 4 6 7 |  7.0
Invocations    | 5 7 |  7.6

Action                     |  1- 3 |  4- 6 |  7- 9 || total
---------------------------+-------+-------+-------++-------
  Melee: War axe           |     7 |    25 |     7 ||    39
         Unarmed           |     6 |       |       ||     6
         Constrict         |     2 |     5 |       ||     7
         Tentacles         |     2 |     4 |       ||     6
  Evoke: Wand              |     2 |     2 |     3 ||     7
    Use: Potion            |       |     1 |       ||     1
   Stab: Invisible         |     2 |       |     1 ||     3
 Armour: Skin              |       |     4 |     3 ||     7
  Dodge: Dodged            |     7 |    11 |     6 ||    24
  Block: Buckler           |     2 |    10 |     5 ||    17
         Other             |     1 |       |       ||     1

Table legend: (Time is in decaauts)
 A = Elapsed time spent in this place.
 B = Non-inter-level travel time spent in this place.
 C = Inter-level travel time spent in this place.
 D = Time resting spent in this place.
 E = Time spent auto-exploring this place.
 F = Levels seen in this place.
 G = Mean time per level.
                   A        B        C        D        E       F      G
               +--------+--------+--------+--------+--------+-----+--------+
         Total |    420 |    420 |      0 |    157 |      9 |   1 |  420.0 |
       Dungeon |    420 |    420 |      0 |    157 |      9 |   1 |  420.0 |
               +--------+--------+--------+--------+--------+-----+--------+

Top non-repeatable levels by time:
       D: 420 daAuts
